 Dungeon Crawl Stone Soup version 0.29.1-15-g9cfb28693d (webtiles) character file.

Game seed: 8703504219860270316

0 leafyfresh the Sneak (level 1, 0/16 HPs)
             Began as an Octopode Delver on Apr 19, 2023.
             Succumbed to a water moccasin's poison
             ... on level 5 of the Dungeon.
             The game lasted 00:00:15 (85 turns).

leafyfresh the Sneak (Octopode Delver)                Turns: 85, Time: 00:00:15

Health: 0/16       AC:  1    Str: 11    XL:     1   Next: 0%
Magic:  1/1        EV: 13    Int: 12    God:
Gold:   28         SH:  0    Dex: 13    Spells: 0/0 levels left

rFire   . . .      SeeInvis .   a - +0 short sword
rCold   . . .      Faith    .   (no shield)
rNeg    . . .      Spirit   .   (helmet restricted)
rPois   .          Reflect  .   (no amulet)
rElec   .          Harm     .   (no ring)
rCorr   .          Rampage  .   (no ring)
Will    .....                   (no ring)
Stlth   ++++......              (no ring)
HPRegen 0.05/turn               (no ring)
MPRegen 0.07/turn               (no ring)
                                (no ring)
                                (no ring)

@: lethally poisoned (0 -> -7)
A: almost no armour, amphibious, 8 rings, camouflage 1, gelatinous body 1,
(nimble swimmer 1), tentacles
a: no special abilities


You were on level 5 of the Dungeon.
You visited 1 branch of the dungeon, and saw 1 of its levels.

You collected 28 gold pieces.

Inventory:

Hand Weapons
 a - a +0 short sword (weapon)
Armour
 g - the +6 plate armour of the Mackerel {Fly rC+}
   (You found it on level 5 of the Dungeon)

   rC:        It protects you from cold.
   Fly:       It grants you flight.
Wands
 f - a wand of digging (3)
 h - a wand of charming (9)
Scrolls
 b - a scroll of fog
 c - a scroll of magic mapping
 d - a scroll of fear
Potions
 e - a potion of haste
 i - a potion of lignification {unknown}


   Skills:
 + Level 3.0 Fighting
 - Level 2.0 Short Blades
 + Level 2.0 Dodging
 + Level 6.6 Stealth


You couldn't memorise any spells.
You didn't know any spells.
Your spell library was empty.

Dungeon Overview and Level Annotations

Branches:
Dungeon (5/15)
 Temple: D:4-7

Altars:

Annotations:
D:5 1 runed translucent door, Crazy Yiuf


Innate Abilities, Weirdness & Mutations

You cannot wear most types of armour.
You are amphibious.
You can wear up to eight rings at the same time.
Your skin changes colour to match your surroundings (Stealth+).
Your rubbery body absorbs attacks. (AC +1, EV +1)
((You are camouflaged when in or above water. (Stealth+)))
You have tentacles for arms and can constrict up to eight enemies at once.


Message History

No target in view!
h - a wand of charming (9) No target in view!
There are no items here.
Found an escape hatch in the ceiling.
No target in view!
Found a stone staircase leading up.
No target in view!
You now have 13 gold pieces.
There is an escape hatch in the ceiling here.
You now have 28 gold pieces (gained 15).
i - a golden potion
Found a hammer.
Found a runed translucent door.
No target in view!
A water moccasin comes into view.
A water moccasin is nearby!
The helpless water moccasin fails to defend itself.
You puncture the water moccasin! You grab the water moccasin.
The water moccasin is heavily wounded.
You constrict the water moccasin. The water moccasin bites you!
Ouch! That really hurt!
The water moccasin bites you.
You are lethally poisoned!
The water moccasin poisons you!
You hit the water moccasin. You squeeze the water moccasin.
The water moccasin is severely wounded.
You constrict the water moccasin.
* * * LOW HITPOINT WARNING * * *
You feel very sick. The water moccasin closely misses you.
You hit the water moccasin but do no damage.
The water moccasin is almost dead.
You constrict the water moccasin.
* * * LOW HITPOINT WARNING * * *
You feel sick. The water moccasin closely misses you.
You hit the water moccasin.
The water moccasin is almost dead.
You constrict the water moccasin.
You kill the water moccasin!
You die...

### ♣♣♣.♣..#.##
#...#♣..♣.PP...##
#g..+.♣♣♣♣......# #)..#♣♣
♣♣.#...### ### ♣♣##....#
#### #....# #..##
#....###...##
#########......#....#
#...@....###......#
#.........#......##
#........#.......#..#
#........###....###.##
..........#...........#
...............#.##......#
............#...#..#.....##
.........#.###..#........#
........................##


There were no monsters in sight!

Vanquished Creatures
  A water moccasin (D:5)
1 creature vanquished.

Notes
Turn   | Place    | Note
-------+----------+-------------------------------------------
     0 | D:5      | leafyfresh the Octopode Delver began the quest for the Orb.
     0 | D:5      | Reached XP level 1. HP: 16/16 MP: 1/1
     1 | D:5      | Identified the +6 plate armour of the Mackerel {Fly rC+}
    61 | D:5      | Found a runed translucent door.
    62 | D:5      | Noticed Crazy Yiuf
    76 | D:5      | Noticed a water moccasin
    85 | D:5      | Killed a water moccasin
    85 | D:5      | Succumbed to a water moccasin's poison

Illustrated notes

Levels and vault maps discovered:
D:5:      layout_cave_pools, grunt_temple_overflow_open,
          uniq_crazy_yiuf_cottage, uniq_blork_the_orc

Action                   || total
-------------------------++-------
Melee: Short sword       ||     4
       Constrict         ||     1
       Tentacles         ||     1
 Stab: Sleeping          ||     1
Dodge: Dodged            ||     2
